 Dungeon Crawl Stone Soup version 0.31-a0-1370-gf52a5a9ab3 (webtiles) character file.

Game seed: 8650920810658648835

467 Sonofthefire the Ruffian (level 7, -1/48 HPs)
             Began as an Octopode Shapeshifter on Dec 24, 2023.
             Was an Initiate of Qazlal.
             Slain by an orc wizard
             ... wielding a +0 dagger
              (3 damage)
             ... on level 5 of the Dungeon.
             The game lasted 00:04:03 (3651 turns).

Sonofthefire the Ruffian (Octopode Shapeshifter)    Turns: 3651, Time: 00:04:04

Health: -1/48      AC:  1    Str: 16    XL:     7   Next: 8%
Magic:  7/7        EV: 14    Int: 12    God:    Qazlal [......]
Gold:   185        SH:  0    Dex: 23    Spells: 6/6 levels left

rFire   . .          .
                       - Unarmed
rCold   . . .        (no shield)
rNeg    . . .        (helmet currently unavailable)
rPois   .            (no amulet)
rElec   .            h - +6 ring of dexterity
rCorr   +            i - +6 ring of dexterity
SInv    .            j - ring of resist corrosion
Will    .....        (no ring)
Stlth   ++           (no ring)
HPRegen 0.28/turn    (no ring)
MPRegen 0.10/turn    (no ring)
                     (no ring)

%: no passive effects
@: confused, brilliant, beast-form
A: beast (slay +1), almost no armour, amphibious, 8 rings, camouflage 1,
gelatinous body 1, (nimble swimmer 1), tentacles
a: Begin Untransformation, Renounce Religion


You were on level 5 of the Dungeon.
You worshipped Qazlal.
Qazlal was noncommittal.
You were a hulking beast.
You visited 1 branch of the dungeon, and saw 5 of its levels.

You collected 185 gold pieces.

Inventory:

Jewellery
 f - a ring of magical power
 h - a +6 ring of dexterity (left tentacle)
 i - a +6 ring of dexterity (right tentacle)
 j - a ring of resist corrosion (on tentacle)
Talismans
 b - a beast talisman
 c - a flux talisman
 q - a serpent talisman
Wands
 o - a wand of iceblast (9)
 p - a wand of quicksilver (6)
Scrolls
 d - a scroll of amnesia {unknown}
 e - 5 scrolls of identify {unknown}
 l - 2 scrolls of noise {unknown}
 m - a scroll of enchant armour {unknown}
 n - a scroll of fear {unknown}
 r - a scroll of enchant weapon {unknown}
Potions
 k - a potion of heal wounds


   Skills:
 + Level 4.1 Fighting
 - Level 2.0 Dodging
 * Level 6.5 Unarmed Combat
 - Level 3.0 Shapeshifting


You had 6 spell levels left.
You didn't know any spells.
Your spell library contained the following spells:

 Spells                   Type           Power      Damage    Failure   Level
 Slow                     Hex            0%         N/A       32%         1
 Confusing Touch          Hex            0%         N/A       69%         3
 Sigil of Binding         Hex            0%         N/A       69%         3
 Vampiric Draining        Necr           0%         2d6       69%         3


Dungeon Overview and Level Annotations

Branches:
Dungeon (5/15)
 Temple: D:4-7

Altars:
Hepliaklqana
Okawaru
Qazlal
Vehumet

Shops:
D:2 ?

Annotations:
D:1 2 transporters
D:4 exclusion: statue


Innate Abilities, Weirdness & Mutations

You are a hulking beast.
Your limbs bulge with bestial killing power. (Slay +1)
You cannot wear most types of armour.
You are amphibious.
You can wear up to eight rings at the same time.
Your skin changes colour to match your surroundings (Stealth+).
Your rubbery body absorbs attacks. (AC +1, EV +1)
((You are camouflaged when in or above water. (Stealth+)))
You have tentacles for arms and can constrict up to eight enemies at once.


Message History

You constrict the orc wizard, but do no damage.
The ufetubus slips past you! The ufetubus completely misses you.
The ufetubus barely misses you.
The orc wizard hits you with a +0 dagger.
The ufetubus misses you. The ufetubus barely misses you.
You release your grip on the orc wizard.
The orc wizard casts a spell at you.
You are more confused.
The ufetubus hits you. The ufetubus completely misses you.
The ufetubus closely misses you. The ufetubus misses you.
The orc priest attacks as it pursues you!
The orc priest misses you. The orc hits you with a +0 flail.
The orc misses you. The orc hits you with a +0 club.
The orc wizard hits you with a +0 dagger.
The ufetubus closely misses you. The ufetubus hits you.
The ufetubus barely misses you. The ufetubus closely misses you.
It was a potion of heal wounds.
You feel much better.
The orc priest hits you with a +0 dagger.
The orc closely misses you. The ufetubus misses you. The ufetubus hits you.
The orc barely misses you. The orc hits you but does no damage.
The ufetubus closely misses you. The ufetubus hits you.
The orc wizard closely misses you.
It was a potion of brilliance.
You feel clever all of a sudden. The ufetubus misses you.
The ufetubus hits you. The ufetubus barely misses you. The ufetubus hits you.
The orc priest completely misses you.
The orc closely misses you. x2; The orc hits you with a +0 club.
The orc wizard hits you with a +0 dagger.
The ufetubus hits you. x3; The ufetubus barely misses you.
You completely miss the orc.
The orc priest hits you with a +0 dagger.
The orc hits you with a +0 flail.
* * * LOW HITPOINT WARNING * * *
The ufetubus hits you.
* * * LOW HITPOINT WARNING * * *
The ufetubus closely misses you. The orc barely misses you. x2
The ufetubus barely misses you. The ufetubus hits you.
* * * LOW HITPOINT WARNING * * *
The orc wizard hits you with a +0 dagger.
You die...

.... .# #....########.##
.................
..................
...................
............?..?.... ...
..................... ...
#..........5oo.[.....
...#..........o5hoo......
...............oo########
....##...........#
....+............#
....##...........#
....''...........#
...†##....<......#
.................#
.................#


You could see an orc priest, 2 orc wizards, 2 ufetubi and 4 orcs.

Vanquished Creatures
  An ogre (D:4)
  A phantom (D:5)
  A scorpion (D:5)
  A hound (D:5)
  2 iguanas
  Terence (D:3)
  6 adders
  A dart slug (D:2)
  4 orcs
  9 endoplasms
  4 giant cockroaches
  6 goblins
  2 hobgoblins
  8 jackals
  12 kobolds
  4 quokkas (D:1)
  4 ball pythons
  6 bats
  3 frilled lizards
  6 rats
82 creatures vanquished.

Notes
Turn   | Place    | Note
-------+----------+-------------------------------------------
     0 | D:1      | Sonofthefire the Octopode Shapeshifter began the quest for
                  | the Orb.
     0 | D:1      | Reached XP level 1. HP: 13/13 MP: 1/1
   135 | D:1      | Reached XP level 2. HP: 18/18 MP: 2/2
   353 | D:1      | Reached XP level 3. HP: 20/24 MP: 3/3
   649 | D:1      | Reached skill level 4 in Unarmed Combat
  1024 | D:2      | Found Juad's Magic Scroll Shop.
  1126 | D:2      | Found a hazy altar of Hepliaklqana.
  1234 | D:2      | Reached XP level 4. HP: 25/29 MP: 4/4
  1608 | D:3      | Noticed Terence
  1612 | D:3      | Killed Terence
  2002 | D:3      | Found an iron altar of Okawaru.
  2182 | D:3      | Reached XP level 5. HP: 35/35 MP: 5/5
  2606 | D:4      | Noticed an ogre
  2623 | D:4      | Killed an ogre
  2624 | D:4      | Reached skill level 5 in Unarmed Combat
  2791 | D:4      | Reached XP level 6. HP: 42/42 MP: 6/6
  2851 | D:4      | Found a stormy altar of Qazlal.
  2872 | D:4      | Became a worshipper of Qazlal Stormbringer
  3237 | D:4      | Found a radiant altar of Vehumet.
  3293 | D:5      | Entered Level 5 of the Dungeon
  3357 | D:5      | Reached skill level 6 in Unarmed Combat
  3543 | D:5      | Reached XP level 7. HP: 17/48 MP: 7/7
  3651 | D:5      | HP: 2/48 [ufetubus (5)]
  3651 | D:5      | Slain by an orc wizard

Illustrated notes

Levels and vault maps discovered:
D:1:      spicycebolla_arrival_transporter_tutorial, layout_basic,
          minmay_nonomino_d4
D:2:      layout_basic, serial_shops, nicolae_shop_tiny_statue_garden,
          basic_altar
D:3:      layout_basic, mainiacjoe_overflow_tiny_flanked, uniq_terence
D:4:      layout_basic, grunt_qazlal_clouds, vehumet_statue
D:5:      layout_basic, minmay_temple_entry_nine_rooms, uniq_pikel

Skill      XL: |  1  2  3  4  5  6 |
---------------+-------------------+-----
Fighting       | 2 3 4 |  4.1
Unarmed Combat | 4 5 6 |  6.5
Dodging        | |  2.0
Shapeshifting  | |  3.0

Action                     |  1- 3 |  4- 6 |  7- 9 || total
---------------------------+-------+-------+-------++-------
  Melee: Unarmed           |    72 |    79 |     4 ||   155
         Tentacles         |    11 |    10 |     1 ||    22
         Constrict         |    10 |    17 |     1 ||    28
         Punch             |       |     4 |       ||     4
    Use: Potion            |       |     1 |     3 ||     4
   Stab: Sleeping          |    10 |    11 |     1 ||    22
 Armour: Skin              |    31 |    34 |    23 ||    88
  Dodge: Dodged            |    42 |    34 |    33 ||   109

Table legend: (Time is in decaauts)
 A = Elapsed time spent in this place.
 B = Non-inter-level travel time spent in this place.
 C = Inter-level travel time spent in this place.
 D = Time resting spent in this place.
 E = Time spent auto-exploring this place.
 F = Levels seen in this place.
 G = Mean time per level.
                   A        B        C        D        E       F      G
               +--------+--------+--------+--------+--------+-----+--------+
         Total |   3635 |   3529 |    106 |    648 |   2288 |   5 |  727.0 |
       Dungeon |   3635 |   3529 |    106 |    648 |   2288 |   5 |  727.0 |
               +--------+--------+--------+--------+--------+-----+--------+

Top non-repeatable levels by time:
     D:3: 1007 daAuts
     D:1: 902 daAuts
     D:4: 811 daAuts
     D:2: 558 daAuts
     D:5: 355 daAuts
